AoeStats
← chenya_ko

Arabia

510003672Analyzed
1v1 RM · 4d ago on Sep 29, 2026· 20m 42s· 2 players
Game mode
Random Map
Map size
Tiny (2 player)
Population
200
Speed
Normal
Resources
Standard
Victory
Conquest
Starting age
Dark Age
Ending age
Imperial Age
RankedLock teamsTeams togetherTeam positionsShared explorationLock speedFull tech treeHidden civsTurbo modeCheats
Victory
Defeat
🇹🇼 Japanese · Taiwan
1062
+14
🇦🇷 Muisca · Argentina
1029
-14
chenya_ko
2:05 Loom
9:38 Feudal Age
9:58 Man-at-Arms
13:25 Fletching
14:14 Double-Bit Axe
17:44 Wheelbarrow
17:42 Padded Archer Armor
Bocchini
7:10 Loom
9:17 Feudal Age
10:30 Horse Collar
10:35 Double-Bit Axe
15:43 Champi Runner
21:34 Castle Age
19:37 Town Watch
20:30 Padded Archer Armor
20:34 Scale Mail Armor
20:45 Forging
Connection lost

Rejoining the realm…

Still unreachable

The connection could not be restored.

Session expired

The server has moved on; the page needs a fresh start.